 Dungeon Crawl Stone Soup version 0.31-a0-222-gefeffbb62a (webtiles) character file.

Game seed: 8617443993310465004

100 qw the Chopper (level 4, -5/28 HPs)
             Began as a Gargoyle Fighter on July 4, 2023.
             Slain by a gnoll
             ... wielding a +0 spear
              (7 damage)
             ... on level 3 of the Dungeon.
             The game lasted 00:00:35 (1491 turns).

qw the Chopper (Gargoyle Fighter)                   Turns: 1491, Time: 00:00:36

Health: -5/28      AC: 17    Str: 22    XL:     4   Next: 73%
Magic:  4/4        EV:  6    Int:  8    God:
Gold:   67         SH:  4    Dex:  9    Spells: 3/3 levels left

rFire   . . .        Y - +1 war axe
rCold   . . .        c - +0 buckler
rNeg    + . .        k - +0 plate armour
rPois   inf          (no helmet)
rElec   +            (no cloak)
rCorr   +            h - +1 pair of gloves
SInv    .            (no boots)
Will    .....        (no amulet) Stlth
                     p - ring of resist corrosion
HPRegen 0.24/turn    (no ring)
MPRegen 0.09/turn

%: no passive effects
@: no status effects
A: sickness immunity, AC +3, negative energy resistance 1, electricity
resistance, torment resistance 1, petrification resistance
a: no special abilities


You were on level 3 of the Dungeon.
You visited 1 branch of the dungeon, and saw 3 of its levels.

You collected 67 gold pieces.


Innate Abilities, Weirdness & Mutations

You are immune to sickness and miasma.
Your stone body is resilient. (AC +3)
You are immune to poison.
You resist negative energy. (rN+)
You are resistant to electric shocks. (rElec)
You are resistant to unholy torment.
You are immune to petrification.


   Skills:
 - Level 3.2 Fighting
 + Level 4.1 Axes
 - Level 1.0 Throwing
 - Level 3.2 Armour
 - Level 3.2 Shields


You had 3 spell levels left.
You didn't know any spells.
Your spell library was empty.

Inventory:

Hand Weapons
 l - a +2 mace of protection
 Y - a +1 war axe (weapon)
Armour
 c - a +0 buckler (worn)
 h - a +1 pair of gloves (worn)
 k - a +0 plate armour (worn)
Jewellery
 b - a +6 ring of dexterity
 p - a ring of resist corrosion (left hand)
Scrolls
 a - a scroll of identify
Potions
 d - a potion of might
 e - 2 potions of curing
 g - a potion of lignification {unknown}
 i - a potion of mutation {unknown}
 m - a potion of haste {unknown}
 o - a potion of heal wounds {unknown}

Dungeon Overview and Level Annotations

Branches:
Dungeon (3/15)

Altars:

Shops:
D:2 =


Message History

The gnoll hits you but does no damage.
You slash the gnoll!
You kill the gnoll!
You closely miss the gnoll. You barely miss the gnoll.
The gnoll hits you but does no damage.
The gnoll hits you from afar with a +0 spear.
The gnoll hits you with a +0 whip. x2; The gnoll hits you but does no damage. x2
Your Axes skill increases to level 4!
You barely miss the gnoll. x2
The gnoll hits you with a +0 whip. You block the gnoll's attack.
The gnoll hits you but does no damage.
You slash the gnoll!
You kill the gnoll!
You closely miss the gnoll.
The gnoll hits you from afar with a +0 spear.
The gnoll barely misses you.
You hit the gnoll.
The gnoll is lightly wounded.
You barely miss the worm. You block the gnoll's attack.
The gnoll hits you but does no damage. x2
The gnoll hits you with a +0 whip. The worm bites you but does no damage.
You hit the gnoll.
The gnoll is moderately wounded.
You slash the worm! You block the gnoll's attack.
The gnoll hits you but does no damage. The worm bites you but does no damage.
You barely miss the worm.
The worm is heavily wounded.
You closely miss the gnoll.
The gnoll hits you from afar with a +0 spear.
The gnoll hits you but does no damage. x3
The worm bites you but does no damage.
You slash the worm!
You kill the worm!
You barely miss the gnoll. The gnoll hits you but does no damage.
The gnoll barely misses you.
You barely miss the gnoll.
The gnoll is moderately wounded.
The gnoll hits you from afar with a +0 spear!
You die...

+......+..
........#......#..
........#.........
........#.........
#.......#..........
#.......#......#...
#.......#.........
#....g)g#......#..
#.....)@..........
#....#.........#.#
#.........!##....#
#.................
#..........#......
#.....?...##......
#.........# .....
#.........# ...
....... ...


You could see 2 gnolls.

Vanquished Creatures
  5 gnolls
  2 adders (D:2)
  A worm (D:3)
  A dart slug (D:1)
  2 ball pythons
  3 bats
  2 endoplasms
  A giant cockroach (D:1)
  A goblin (D:1)
  2 hobgoblins
  2 jackals (D:2)
  3 quokkas (D:2)
  A frilled lizard (D:1)
  A kobold (D:1)
  5 rats
32 creatures vanquished.

Notes
Turn   | Place    | Note
-------+----------+-------------------------------------------
     0 | D:1      | qw the Gargoyle Fighter began the quest for the Orb.
     0 | D:1      | Reached XP level 1. HP: 14/14 MP: 1/1
     0 | D:1      | 0 ||| qw: Version: 0.3-a-46-gb1f654a
     0 | D:1      | 0 ||| qw: Game counter: 856
     0 | D:1      | 0 ||| qw: Melee chars always use a shield: true
     0 | D:1      | 0 ||| qw: God list: Okawaru
     0 | D:1      | 0 ||| qw: Allow faded altars: false
     0 | D:1      | 0 ||| qw: Do Orc after clearing Dungeon:15 true
     0 | D:1      | 0 ||| qw: Do second Lair branch before Depths: true
     0 | D:1      | 0 ||| qw: Lair rune preference: random
     0 | D:1      | 0 ||| qw: Goals: Normal, Zot:1-4, Slime:5, God:TSO, Crypt,
                  | Tomb, Abyss, Pan, Hells, Win
     0 | D:1      | 0 ||| PLANNING D:1-11
    23 | D:1      | Reached skill level 2 in Axes
   198 | D:1      | Reached XP level 2. HP: 19/19 MP: 2/2
   237 | D:1      | 237 ||| DROPPING +0 mace.
   349 | D:1      | 349 ||| Stepping ~*~*~tactically~*~*~ (hiding).
   630 | D:1      | 630 ||| READING 2 scrolls labelled KEUCOVVYOR.
   631 | D:1      | 631 ||| READING scroll labelled NYUWESO KIAX.
   632 | D:1      | 632 ||| READING scroll labelled QYUVVAT AKHI.
   633 | D:1      | 633 ||| READING 2 scrolls labelled DUNNOLACHAQ.
   634 | D:1      | 634 ||| READING scroll labelled LIZIOS JUFEFOT.
   678 | D:2      | Reached skill level 3 in Axes
   678 | D:2      | Reached XP level 3. HP: 23/23 MP: 3/3
   759 | D:2      | 759 ||| Stepping ~*~*~tactically~*~*~ (hiding).
   769 | D:2      | Reached skill level 1 in Throwing
   842 | D:2      | 842 ||| Stepping ~*~*~tactically~*~*~ (stealth).
   849 | D:2      | Reached XP level 4. HP: 25/28 MP: 4/4
   972 | D:2      | Found Naipouju's Jewellery Emporium.
   993 | D:2      | 993 ||| SHOPLISTING +6 ring of dexterity (504 gold, have
                  | 56).
   993 | D:2      | 993 ||| SHOPLISTING amulet of faith (560 gold, have 56).
   993 | D:2      | 993 ||| SHOPLISTING amulet of the acrobat (420 gold, have
                  | 56).
   993 | D:2      | 993 ||| SHOPLISTING ring of protection from cold (350 gold,
                  | have 56).
  1106 | D:2      | 1106 ||| Stepping ~*~*~tactically~*~*~ (stealth).
  1417 | D:2      | 1417 ||| UPGRADING to +0 pair of gloves.
  1422 | D:2      | 1422 ||| UPGRADING to +0 plate armour.
  1432 | D:2      | 1432 ||| DROPPING +0 scale mail.
  1433 | D:2      | 1433 ||| READING scroll of enchant armour.
  1433 | D:2      | 1433 ||| ENCHANTING +0 pair of gloves.
  1434 | D:2      | 1434 ||| UPGRADING to ring of resist corrosion.
  1435 | D:2      | 1435 ||| READING scroll labelled RIT AXARRIALLE.
  1436 | D:2      | 1436 ||| DRINKING 3 fuming blue potions.
  1475 | D:3      | 1475 ||| Stepping ~*~*~tactically~*~*~ (hiding).
  1480 | D:3      | 1480 ||| Stepping ~*~*~tactically~*~*~ (hiding).
  1485 | D:3      | Reached skill level 4 in Axes
  1486 | D:3      | HP: 6/28 [gnoll/+0 spear (2)]
  1489 | D:3      | HP: 1/28 [gnoll/+0 spear (4)]
  1491 | D:3      | Slain by a gnoll

Levels and vault maps discovered:
D:1:      saegor_arrival_simple_a, layout_loops_cross,
          nicolae_concentric_dashed_squares_wild, fountainhead
D:2:      layout_loops_ring, serial_shops, nicolae_shop_tiny_waterfront
D:3:      layout_basic, uniq_robin

Skill      XL: |  1  2  3  4 |
---------------+-------------+-----
Axes           | 2 3 4 |  4.1
Throwing       | 1 |  1.0
Fighting       | |  3.2
Armour         | |  3.2
Shields        | |  3.2

Action                     |  1- 3 |  4- 6 || total
---------------------------+-------+-------++-------
  Melee: War axe           |    38 |    31 ||    69
  Throw: Javelin           |    28 |    13 ||    41
    Use: Scroll            |     5 |     2 ||     7
         Potion            |       |     1 ||     1
 Armour: Scale mail        |    14 |    11 ||    25
         Plate armour      |       |    22 ||    22
  Dodge: Dodged            |    27 |    10 ||    37
  Block: Buckler           |     6 |    10 ||    16

Table legend:
 A = Non-vault XP
 B = Vault XP
 C = Vault XP percentage of total XP
 D = Non-vault monster count
 E = Vault monster count
 F = Vault count percentage of total count
                 A         B        C        D         E       F
            +---------+---------+-------+---------+---------+-------
      Total |     143 |       0 |   0.0 |      32 |       0 |   0.0
            +---------+---------+-------+---------+---------+-------
        D:1 |      23 |       0 |   0.0 |      13 |       0 |   0.0
        D:2 |      86 |       0 |   0.0 |      15 |       0 |   0.0
        D:3 |      34 |       0 |   0.0 |       4 |       0 |   0.0
            +---------+---------+-------+---------+---------+-------
